 Dungeon Crawl Stone Soup version 0.27-a0-1105-g946c659c87 (webtiles) character file.

Game seed: 13632732827310352318

196 tsouns the Sneak (level 5, -3/42 HPs)
             Began as a Demonspawn Delver on Apr 30, 2021.
             Was a Believer of Trog.
             Slain by Grinder (4 damage)
             ... on level 4 of the Dungeon.
             The game lasted 00:06:01 (3244 turns).

tsouns the Sneak (Demonspawn Delver)                Turns: 3244, Time: 00:06:03

Health: -3/42      AC: 12    Str: 15    XL:     5   Next: 45%
Magic:  5/5        EV:  5    Int: 12    God:    Trog [**....]
Gold:   181        SH: 10    Dex: 14    Spells: 4/4 levels left

rFire    . . .     SeeInvis .     - Unarmed
rCold    . . .     Faith    .   l - +2 kite shield
rNeg     . . .     Spirit   .   o - +0 plate armour
rPois    +         Reflect  .   (helmet restricted)
rElec    .         Harm     .   m - +0 cloak
rCorr    .         Rampage  .   q - +0 pair of gloves
Will     .....                  (no boots)
Stlth    ..........             k - amulet of magic regeneration
HPRegen  0.14/turn              h - +4 ring of evasion
MPRegen  0.34/turn              (no ring)

@: no status effects
A: hooves 1, demonic guardian 1, foul stench 1, antennae 1, poison resistance,
strong 1
a: Renounce Religion, Berserk, Trog's Hand


You were on level 4 of the Dungeon.
You worshipped Trog.
Trog was pleased with you.
You visited 2 branches of the dungeon, and saw 6 of its levels.

You collected 181 gold pieces.

Inventory:

Armour
 a - a +0 leather armour
 l - a +2 kite shield (worn)
 m - a +0 cloak (worn)
 o - a +0 plate armour (worn)
 q - a +0 pair of gloves (worn)
Jewellery
 h - a +4 ring of evasion (left hand)
 k - an amulet of magic regeneration (around neck)
Wands
 f - a wand of digging (3)
 g - a wand of charming (9)
Scrolls
 b - a scroll of fog
 c - a scroll of magic mapping
 d - a scroll of fear
 e - 2 scrolls of teleportation {unknown}
 i - 8 scrolls of identify {unknown}
 p - a scroll of torment {unknown}


   Skills:
 + Level 4.1 Fighting
 - Level 1.7 Dodging
 - Level 4.5 Stealth
 + Level 1.5 Shields
 * Level 4.1 Unarmed Combat


You had 4 spell levels left.
You didn't know any spells.
Your spell library was empty.

Dungeon Overview and Level Annotations

Branches:
Dungeon (5/15)             Temple (1/1) D:5

Altars:
Ashenzari
Cheibriados
Dithmenos
Elyvilon
Fedhas
Gozag
Hepliaklqana
Kikubaaqudgha
Makhleb
Nemelex Xobeh
Okawaru
Qazlal
Ru
Sif Muna
Trog
Uskayaw
Vehumet
Wu Jian
Xom
Yredelemnul
The Shining One

Shops:
D:4 [

Annotations:
D:2 zikan's ghost, amateur OpVM
D:3 1 runed translucent door
D:4 Grinder


Innate Abilities, Weirdness & Mutations

You have large cloven feet.
A weak demonic guardian rushes to your aid.
You may rarely emit foul miasma when damaged in melee.
You have a pair of small antennae on your head.
Your system is resistant to poisons. (rPois)
Your muscles are strong. (Str +2)


Message History

You closely miss Grinder. You kick Grinder.
Grinder is moderately wounded.
Your white imp gestures at Grinder.
The puff of frost hits Grinder.
Grinder completely resists.
Grinder blinks!
Your white imp gestures at Grinder.
The puff of frost hits Grinder.
Grinder resists.
Found 13 gold pieces.
Grinder gestures at you.
You barely resist.
You see here 10 gold pieces.
You hit Grinder. You kick Grinder.
Grinder is heavily wounded.
Grinder gestures at you. Pain shoots through your body!
Your white imp hits Grinder.
Your white imp freezes Grinder.
Grinder completely resists.
You completely miss Grinder.
Grinder is heavily wounded.
Grinder hits you!
* * * LOW HITPOINT WARNING * * *
A demonic guardian appears!
You writhe in agony.
* * * LOW HITPOINT WARNING * * *
Your white imp gestures at Grinder.
The puff of frost hits Grinder.
Grinder completely resists.
Grinder rolls her eyes.
You block Grinder's attack.
You closely miss Grinder.
Grinder is heavily wounded.
Your white imp gestures at Grinder.
The puff of frost hits Grinder.
Grinder resists.
Grinder hits you.
* * * LOW HITPOINT WARNING * * *
You writhe in agony.
* * * LOW HITPOINT WARNING * * *
You aren't carrying any potions.
You closely miss Grinder. You kick Grinder, but do no damage.
Grinder is heavily wounded.
Your white imp disappears in a puff of smoke!
Grinder hits you.
* * * LOW HITPOINT WARNING * * *
You writhe in agony.
You die...

#### ######### #...
#........
###...####.##
#.$...@$#..?#######
#....55§........$$$
#.......#...####$∩$
###...####.#####$$$
#..............#
##.#.###.#####.#
#.# #.#
#.#.###.#####.#
#..............


You could see Grinder (ally target) and a friendly white imp (summoned).

Vanquished Creatures
  A scorpion (D:3)
  A hound (D:4)
  4 adders
  2 river rats (D:2)
  A worm (D:3)
  3 dart slugs
  An orc (D:3)
  3 endoplasms
  3 giant cockroaches
  4 hobgoblins
  6 jackals
  2 kobolds
  2 quokkas (D:1)
  3 ball pythons
  3 bats
  3 frilled lizards
  2 goblins
  4 rats
48 creatures vanquished.

Vanquished Creatures (others)
  A quokka (D:2)
1 creature vanquished.

Grand Total: 49 creatures vanquished

Notes
Turn   | Place    | Note
-------+----------+-------------------------------------------
     0 | D:5      | tsouns the Demonspawn Delver began the quest for the Orb.
     0 | D:5      | Reached XP level 1. HP: 18/18 MP: 1/1
    24 | D:5      | Found a staircase to the Ecumenical Temple.
    28 | D:5      | Noticed a hound
    29 | D:5      | Noticed a sky beast
    33 | Temple   | Entered the Ecumenical Temple
   103 | Temple   | Became a worshipper of Ru the Awakened
   155 | D:4      | Killed a hound
   156 | D:4      | Gained mutation: You have large cloven feet. [demonic
                  | ancestry]
   156 | D:4      | Reached XP level 2. HP: 10/24 MP: 2/2
   156 | D:4      | Gained mutation: You may rarely emit foul miasma when
                  | damaged in melee. [demonic ancestry]
   156 | D:4      | Reached XP level 3. HP: 13/29 MP: 3/3
   691 | D:1      | Found a faded altar of an unknown god.
   697 | D:1      | Fell from the grace of Ru
   697 | D:1      | Became a worshipper of Trog the Wrathful
   697 | D:1      | Reached * piety under Trog
  2051 | D:2      | Reached XP level 4. HP: 37/37 MP: 4/4
  2339 | D:3      | Found a runed translucent door.
  2351 | D:3      | Noticed zikan's ghost (amateur OpVM)
  2424 | D:3      | Found a runed translucent door.
  2462 | D:3      | Gained mutation: Your muscles are strong. (Str +2) [potion
                  | of mutation]
  2462 | D:3      | Gained mutation: You have a pair of small antennae on your
                  | head. [potion of mutation]
  2462 | D:3      | Gained mutation: Your system is resistant to poisons.
                  | (rPois) [potion of mutation]
  2902 | D:3      | Reached skill level 1 in Shields
  3125 | D:3      | Noticed a scorpion
  3133 | D:3      | Killed a scorpion
  3134 | D:3      | Gained mutation: A weak demonic guardian rushes to your
                  | aid. [demonic ancestry]
  3134 | D:3      | Reached XP level 5. HP: 42/42 MP: 5/5
  3163 | D:4      | Reached ** piety under Trog
  3212 | D:4      | Noticed Grinder
  3231 | D:4      | Found Gaolaek's Antique Armour Shop.
  3244 | D:4      | HP: 1/42 [Grinder (4)]
  3244 | D:4      | Slain by Grinder

Illustrated notes

Levels and vault maps discovered:
D:1:      minmay_arrival_up_and_down, layout_loops_ring,
          chequers_ecumenical_altar_simple_redux
D:2:      layout_basic, minmay_tree_intersection, nrook_campfire
D:3:      layout_rooms, ebering_ghost_sewer_f
D:4:      layout_loops_ring, serial_shops, shop_coins, uniq_eustachio,
          uniq_menkaure, uniq_grinder, uniq_natasha
D:5:      minmay_chambers_of_threes, layout_basic, minmay_temple_entry_trees
Temple:   kilobyte_greek_temple

Skill      XL: |  1  2  3  4 |
---------------+-------------+-----
Unarmed Combat | 2 3 4 |  4.1
Shields        | 1 |  1.5
Fighting       | 4 |  4.1
Dodging        | |  1.7
Stealth        | |  4.5

Action                   |  1- 3 |  4- 6 || total
-------------------------+-------+-------++-------
Melee: Unarmed           |   109 |   110 ||   219
       Kick              |    17 |    30 ||    47
       Punch             |     2 |       ||     2
Evoke: Wand              |       |     1 ||     1
  Use: Potion            |     1 |     3 ||     4
 Stab: Sleeping          |     4 |       ||     4
Armor: Leather armour    |    32 |       ||    32
       Plate armour      |     3 |    49 ||    52
Dodge: Dodged            |    82 |    22 ||   104
Block: Kite shield       |    14 |    55 ||    69

Table legend: (Time is in decaauts)
 A = Elapsed time spent in this place.
 B = Non-inter-level travel time spent in this place.
 C = Inter-level travel time spent in this place.
 D = Time resting spent in this place.
 E = Time spent auto-exploring this place.
 F = Levels seen in this place.
 G = Mean time per level.
                   A        B        C        D        E       F      G
               +--------+--------+--------+--------+--------+-----+--------+
         Total |   3258 |   3151 |    107 |      0 |   2458 |   6 |  543.0 |
       Dungeon |   3156 |   3073 |     83 |      0 |   2416 |   5 |  631.2 |
        Temple |    102 |     78 |     24 |      0 |     42 |   1 |  102.0 |
               +--------+--------+--------+--------+--------+-----+--------+

Top non-repeatable levels by time:
     D:2: 1218 daAuts
     D:1: 840 daAuts
     D:3: 755 daAuts
     D:4: 301 daAuts
  Temple: 102 daAuts
     D:5: 39 daAuts
